 Dungeon Crawl Stone Soup version 0.30-a0-696-g2367cd04db (webtiles) character file.

Game seed: 11839842017909781728

20690 wormed the Summoner (level 12, 0/76 HPs)
             Began as a Demonspawn Summoner on Jan 20, 2023.
             Was a Priest of Vehumet.
             Slain by an eight-headed hydra (4 damage)
             ... while petrified by a basilisk
             ... on level 4 of the Lair of Beasts.
             The game lasted 00:27:56 (11393 turns).

wormed the Summoner (Demonspawn Summoner)          Turns: 11393, Time: 00:27:56

Health: 0/76       AC:  9    Str:  9    XL:     12   Next: 47%
Magic:  0/26       EV:  2    Int: 36    God:    Vehumet [***...]
Gold:   745        SH:  0    Dex: 15    Spells: 1/31 levels left

rFire   . . .      SeeInvis .    q - +6 dagger (freeze)
rCold   + . .      Faith    .    (no shield)
rNeg    + + +      Spirit   +    A - +3 leather armour {rN+}
rPois   ∞          Reflect  .    (helmet restricted)
rElec   .          Harm     .    x - +0 cloak
rCorr   .          Rampage  .    (no gloves)
Will    .....                    s - +1 pair of boots
Stlth   ++                       c - amulet of Nedwetumah {*Slow rPois Regen+ Int+10}
HPRegen 1.12/turn                v - +6 ring of intelligence
MPRegen 0.40/turn                J - ring of protection from cold

@: petrified, hasted and slowed
A: horns 1, powered by pain 1, magic shield, magic regeneration
a: Renounce Religion


You were on level 4 of the Lair of Beasts.
You worshipped Vehumet.
Vehumet was most pleased with you.
You visited 3 branches of the dungeon, and saw 13 of its levels.

You collected 745 gold pieces.

Inventory:

Hand Weapons
 q - a +6 dagger of freezing (weapon)
Missiles
 z - a throwing net
Armour
 s - a +1 pair of boots (worn)
 x - a +0 cloak (worn)
 A - a +3 leather armour of positive energy (worn)
Jewellery
 c - the amulet of Nedwetumah (around neck) {*Slow rPois Regen+ Int+10}
   (You found it on level 4 of the Dungeon)

   [amulet of regeneration]

   Int:       It affects your intelligence (+10).
   rPois:     It protects you from poison.
   Regen:     It increases your rate of health regeneration.
   *Slow:     It may slow you when you take damage.
 t - a ring of flight
 v - a +6 ring of intelligence (left hand)
 D - a ring of wizardry
 I - a +6 ring of strength
 J - a ring of protection from cold (right hand)
 K - an amulet of regeneration
 L - a ring of protection from fire
Wands
 a - a wand of polymorph (12)
 p - a wand of roots (30)
 y - a wand of charming (12)
 E - a wand of flame (62)
 F - a wand of mindburst (12)
Scrolls
 e - 3 scrolls of enchant weapon
 f - 2 scrolls of fog
 h - a scroll of poison
 i - 4 scrolls of immolation
 j - 3 scrolls of teleportation
 k - 3 scrolls of vulnerability
 G - a scroll of enchant armour
Potions
 b - 2 potions of magic
 d - 2 potions of curing
 g - 4 potions of attraction
 l - a potion of degeneration
 n - 2 potions of might
 o - 5 potions of heal wounds
 r - 2 potions of invisibility
 u - 2 potions of berserk rage
 B - 2 potions of resistance
 C - a potion of lignification
 H - 2 potions of mutation
 M - a potion of cancellation {unknown}


   Skills:
 - Level 1.1 Fighting
 - Level 2.2 Dodging
 - Level 1.7 Stealth
 - Level 10.0 Spellcasting
 + Level 9.2 Conjurations
 - Level 4.0 Hexes
 - Level 10.0 Summonings
 - Level 1.4 Transmutations
 + Level 8.4 Fire Magic
 - Level 7.0 Air Magic


You had one spell level left.
You knew the following spells:

 Your Spells              Type           Power      Damage    Failure   Level
a - Fireball              Conj/Fire      34%        3d14      1%          5
b - Call Canine Familiar  Summ           74%        N/A       1%          3
c - Summon Guardian Gole  Hex/Summ       62%        N/A       1%          3
d - Summon Lightning Spi  Summ/Air       68%        N/A       1%          4
e - Irradiate             Conj/Tmut      27%        3d20      3%          5
f - Starburst             Conj/Fire      34%        6d10      4%          6
g - Scorch                Fire           100%       2d10      1%          2
h - Blink                 Tloc           36%        N/A       4%          2

Your spell library contained the following spells:

 Spells                   Type           Power      Damage    Failure   Level
 Airstrike                Air            31%        2d(5-21)  1%          4
 Foxfire                  Conj/Fire      100%       2x1d9     1%          1
 Freeze                   Ice            72%        1d8       1%          1
 Magic Dart               Conj           100%       1d8       1%          1
 Slow                     Hex            100%       N/A       1%          1
 Summon Small Mammal      Summ           100%       N/A       1%          1
 Call Imp                 Summ           74%        N/A       1%          2
 Static Discharge         Conj/Air       100%       2-7/arc   1%          2
 Confusing Touch          Hex            46%        N/A       1%          3
 Dazzling Flash           Conj/Hex       100%       N/A       1%          3
 Mephitic Cloud           Conj/Pois/Air  54%        N/A       1%          3
 Iskenderun's Mystic Bla  Conj/Tloc      50%        2d11      1%          4
 Summon Ice Beast         Ice/Summ       52%        N/A       4%          4
 Summon Mana Viper        Hex/Summ       62%        N/A       4%          5
 Vampiric Draining        Necr           18%        2d7       10%         3
 Silence                  Hex/Air        27%        N/A       10%         5
 Manifold Assault         Tloc           18%        N/A       32%         4
 Monstrous Menagerie      Summ           37%        N/A       41%         7
 Agony                    Necr           18%        N/A       65%         5
 Storm Form               Tmut/Air       24%        N/A       99%         7


Dungeon Overview and Level Annotations

Branches:
Dungeon (8/15)             Temple (1/1) D:7            Lair (4/5) D:8
 Shoals (0/4) Lair:2        Snake (0/4) Lair:2        Slime (0/5) Lair:4

Altars:
Ashenzari
Cheibriados
Dithmenos
Gozag
Hepliaklqana
Kikubaaqudgha
Makhleb
Nemelex Xobeh
Okawaru
Qazlal
Sif Muna
Trog
Uskayaw
Vehumet
Wu Jian
Xom
Yredelemnul

Annotations:
D:5 2 transporters, osoart's ghost, novice DjFE
D:8 3 runed translucent doors, Dittersdorf's ghost, novice GrFi


Innate Abilities, Weirdness & Mutations

You have a pair of small horns on your head.
You sometimes gain a little power by taking damage.
When hurt, damage is shared between your health and your magic reserves.
You regenerate magic rapidly.


Message History

The fireball explodes!
The fireball engulfs the basilisk!
The basilisk is heavily wounded.
You hear an angry buzzing noise.
Your limbs are stiffening.
Casting: Fireball (dangerous; 1% risk of failure)
Confirm with . or Enter, or press ? or * to list all spells.
Aiming: Fireball (dangerous; 1% risk of failure)
Press: ? - help, Shift-Dir - straight line, f/p - basilisk
Aim: a basilisk (heavily wounded)
The fireball explodes!
The fireball engulfs the basilisk!!
You kill the basilisk!
Vehumet accepts your kill.
You feel your power returning.
You have turned to stone.
The eight-headed hydra bites you but does no damage.
The eight-headed hydra bites you!
The eight-headed hydra bites you but does no damage.
The eight-headed hydra bites you! x2
* * * LOW HITPOINT WARNING * * *
The eight-headed hydra barely misses you.
The eight-headed hydra bites you!
* * * LOW HITPOINT WARNING * * *
The eight-headed hydra bites you.
* * * LOW HITPOINT WARNING * * *
The eight-headed hydra bites you.
* * * LOW HITPOINT WARNING * * *
The eight-headed hydra bites you.
* * * LOW HITPOINT WARNING * * *
The eight-headed hydra bites you!
* * * LOW HITPOINT WARNING * * *
The eight-headed hydra bites you but does no damage. x2
The eight-headed hydra bites you!
* * * LOW HITPOINT WARNING * * *
The eight-headed hydra bites you but does no damage. x2
The eight-headed hydra bites you.
* * * LOW HITPOINT WARNING * * *
You feel yourself slow down. The eight-headed hydra bites you!
* * * LOW HITPOINT WARNING * * *
The eight-headed hydra bites you!
You die...

.. ......##..# #### ###...##
y##.#.....# ##PP###P.....##
..#.#....# #P...##.......#
#.#.#..# #..>.#.....##.##
#.#...# ##....#....##...#
#.#..###......†....#..##
##.#...#...............# #
##.#................>..##
.#.##.#.........@...^.......#
..#(.#.#..#..†..D..........##
...##...§#####...##.#.#..#.##
........†.####...###..##....#
..†..†.†..##......###......##
.....Y...######..##........#
#....†..## ##P...........##
##....†..# ##........###.#.#
.##.#††.## #......#.####.###


You could see an eight-headed hydra.

Vanquished Creatures
  2 elephants (Lair:4)
  A cane toad (Lair:2)
  A queen bee (Lair:4)
  A meliai (Lair:4)
  2 blink frogs
  A wyvern (Lair:4)
  2 basilisks
  2 yaks (Lair:4)
  2 water moccasins
  A black bear (Lair:3)
  A centaur (Lair:2)
  5 necrophages
  2 bullfrogs
  16 killer bees (Lair:4)
  An electric eel (Lair:3)
  An orc priest (D:3)
  2 hounds
  A river rat (Lair:4)
  2 orcs
  3 ball pythons (D:1)
  An endoplasm (D:1)
  2 giant cockroaches
  A hobgoblin (D:1)
  A jackal (D:1)
  A kobold (D:6)
55 creatures vanquished.

Vanquished Creatures (collateral kills)
  A hydra (Lair:1)
  A catoblepas (Lair:1)
  Nergalle (Lair:3)
  2 elephants (Lair:4)
  3 black mambas
  5 cane toads
  2 komodo dragons
  2 rime drakes
  A polar bear (Lair:3)
  A meliai (Lair:4)
  6 blink frogs
  Sigmund (D:6)
  2 wyverns
  11 yaks
  4 basilisks
  3 nagas (Lair:2)
  6 water moccasins
  2 ice beasts
  An orc warrior (D:7)
  2 sky beasts
  A black bear (D:6)
  3 ogres
  3 wolves
  5 centaurs
  A kobold brigand (D:6)
  Blork the orc (D:6)
  7 bullfrogs
  6 necrophages
  A gnoll sergeant (D:6)
  2 scorpions
  7 wights
  Dowan (D:5)
  10 killer bees
  A nameless horror (D:3)
  A howler monkey (D:6)
  A hound (D:5)
  2 orc priests
  5 iguanas
  An orc wizard (D:8)
  A hell rat (Lair:4)
  4 gnolls
  A river rat (D:5)
  3 adders
  2 white imps
  2 ufetubi
  5 worms
  A dart slug (D:2)
  18 orcs
  3 ball pythons
  10 endoplasms
  A giant cockroach (D:5)
  5 goblins
  4 hobgoblins
  11 jackals
  4 quokkas
  5 bats
  3 frilled lizards
  14 kobolds
  9 rats
222 creatures vanquished.

Vanquished Creatures (others)
  A cane toad (Lair:1)
  A blink frog (Lair:2)
  2 yaks (Lair:2)
  A naga (Lair:2)
  Duvessa (D:5)
  2 wolves (Lair:1)
  2 centaurs
  A kobold brigand (D:5)
  A wight (D:8)
  7 killer bees
  Ijyb (D:3)
  An orc (D:3)
  4 kobolds (D:5)
  2 frilled lizards (D:5)
  A rat (D:5)
  14 fungi
  35 plants
77 creatures vanquished.

Grand Total: 354 creatures vanquished

Notes
Turn   | Place    | Note
-------+----------+-------------------------------------------
     0 | D:1      | wormed the Demonspawn Summoner began the quest for the Orb.
     0 | D:1      | Reached XP level 1. HP: 13/13 MP: 3/3
   173 | D:1      | Gained mutation: You regenerate magic rapidly. [demonic
                  | ancestry]
   173 | D:1      | Reached XP level 2. HP: 11/19 MP: 3/5
   379 | D:1      | Reached skill level 1 in Hexes
   503 | D:1      | Found a faded altar of an unknown god.
   602 | D:1      | Gained mutation: You sometimes gain a little power by
                  | taking damage. [demonic ancestry]
   602 | D:1      | Reached XP level 3. HP: 11/24 MP: 4/6
   606 | D:1      | Learned a level 3 spell: Call Canine Familiar
   610 | D:1      | Learned a level 3 spell: Summon Guardian Golem
  1682 | D:2      | Found a broken altar of Ashenzari.
  1710 | D:2      | Reached XP level 4. HP: 30/30 MP: 5/8
  2175 | D:3      | Found a broken altar of Ashenzari.
  2232 | D:3      | Reached skill level 5 in Summonings
  2255 | D:3      | Found a stormy altar of Qazlal.
  2444 | D:3      | Noticed a nameless horror
  2461 | D:3      | Killed a nameless horror
  2530 | D:3      | Noticed Ijyb
  2545 | D:3      | Reached XP level 5. HP: 33/35 MP: 4/9
  2556 | D:3      | Killed Ijyb
  2986 | D:4      | Gained mutation: You have a pair of small horns on your
                  | head. [demonic ancestry]
  2986 | D:4      | Reached XP level 6. HP: 41/41 MP: 8/11
  2991 | D:4      | Identified the amulet of Nedwetumah {*Slow rPois Regen+
                  | Int+10}
  3238 | D:4      | Found a bloodstained altar of Trog.
  3468 | D:4      | Learned a level 4 spell: Summon Lightning Spire
  3496 | D:5      | Entered Level 5 of the Dungeon
  3523 | D:5      | Noticed Duvessa
  3523 | D:5      | Noticed Dowan
  3551 | D:5      | Killed Duvessa
  3553 | D:5      | Killed Dowan
  3554 | D:5      | Reached skill level 1 in Air Magic
  3569 | D:5      | Gained mutation: When hurt, damage is shared between your
                  | health and your magic reserves. [demonic ancestry]
  3569 | D:5      | Reached XP level 7. HP: 46/46 MP: 5/13
  3690 | D:5      | Found a transporter.
  3691 | D:5      | Noticed osoart's ghost (novice DjFE)
  3692 | D:5      | Found a transporter.
  3889 | D:5      | Found a hazy altar of Hepliaklqana.
  3893 | D:5      | Found a snail-covered altar of Cheibriados.
  4116 | D:5      | Reached skill level 5 in Spellcasting
  4116 | D:5      | Reached XP level 8. HP: 52/52 MP: 15/15
  4847 | D:6      | Noticed Blork the orc
  4850 | D:6      | Noticed Sigmund
  4852 | D:6      | Killed Blork the orc
  4869 | D:6      | Killed Sigmund
  5120 | D:6      | Reached XP level 9. HP: 57/57 MP: 11/18
  5134 | D:6      | Reached skill level 5 in Air Magic
  5564 | D:7      | Found a staircase to the Ecumenical Temple.
  5583 | Temple   | Entered the Ecumenical Temple
  5976 | D:7      | Found a radiant altar of Vehumet.
  5987 | D:7      | Got the Tome of Frostbound Blows
  6027 | D:7      | Became a worshipper of Vehumet
  6592 | D:8      | Found a runed translucent gate.
  6871 | D:8      | Found a runed translucent gate.
  6871 | D:8      | Found a runed translucent gate.
  6874 | D:8      | Noticed Dittersdorf's ghost (novice GrFi)
  6956 | D:8      | Found a staircase to the Lair.
  7430 | Lair:1   | Entered Level 1 of the Lair of Beasts
  7541 | Lair:1   | Noticed a komodo dragon
  7591 | Lair:1   | Reached XP level 10. HP: 61/63 MP: 17/21
  7603 | Lair:1   | Noticed a cane toad
  7612 | Lair:1   | Killed a cane toad
  7692 | Lair:1   | Reached * piety under Vehumet
  7692 | Lair:1   | Offered knowledge of Foxfire by Vehumet.
  7760 | Lair:1   | Reached skill level 10 in Summonings
  7809 | Lair:1   | Noticed a catoblepas
  7811 | Lair:1   | Found the +4 robe of Folly {Brill Will-∞ Int+8}
  7817 | Lair:1   | Killed a catoblepas
  7856 | Lair:1   | Noticed a cane toad
  7865 | Lair:1   | Killed a cane toad
  7933 | Lair:1   | Noticed a cane toad
  7941 | Lair:1   | Killed a cane toad
  7966 | Lair:1   | Reached skill level 10 in Spellcasting
  7966 | Lair:1   | Reached skill level 1 in Fighting
  7972 | Lair:1   | Learned a level 5 spell: Irradiate
  8053 | Lair:1   | Learned a level 5 spell: Fireball
  8263 | Lair:1   | Noticed a four-headed hydra
  8274 | Lair:1   | Killed a four-headed hydra
  8275 | Lair:1   | Reached skill level 1 in Conjurations
  8275 | Lair:1   | Reached skill level 1 in Transmutations
  8275 | Lair:1   | Reached skill level 1 in Fire Magic
  8477 | Lair:1   | Learned a level 6 spell: Starburst
  8503 | Lair:2   | Found the +6 lightning scales {swift, rElec}
  8512 | Lair:2   | Reached XP level 11. HP: 70/70 MP: 25/25
  8684 | Lair:2   | Found a staircase to the Snake Pit.
  8759 | Lair:2   | Offered knowledge of Scorch by Vehumet.
  8764 | Lair:2   | Learned a level 2 spell: Scorch
  8862 | Lair:2   | Reached ** piety under Vehumet
  8932 | Lair:2   | Found a staircase to the Shoals.
  9031 | Lair:2   | Reached skill level 5 in Conjurations
  9180 | Lair:2   | Reached skill level 5 in Fire Magic
  9693 | Lair:2   | Learned a level 2 spell: Blink
  9734 | Lair:3   | Noticed Nergalle
  9748 | Lair:3   | Killed Nergalle
 10074 | Lair:3   | Offered knowledge of Inner Flame by Vehumet.
 10369 | Lair:3   | Reached XP level 12. HP: 64/76 MP: 7/26
 10870 | Lair:4   | Found a staircase to the Slime Pits.
 10936 | Lair:4   | Reached *** piety under Vehumet
 11067 | Lair:4   | Offered knowledge of Airstrike by Vehumet.
 11267 | Lair:4   | Noticed an eight-headed hydra
 11393 | Lair:4   | Slain by an eight-headed hydra

Illustrated notes

Levels and vault maps discovered:
D:1:      dpeg_arrival_short_road, layout_basic,
          hellmonk_ecumenical_altar_slurped_away
D:2:      layout_basic, basic_altar
D:3:      layout_rooms, mainiacjoe_overflow_small_starburst,
          ashenzari_conservatory_becter, minmay_randomly_rotated_circles,
          uniq_ijyb
D:4:      layout_cave_pools, mainiacjoe_overflow_surrounded_room,
          eino_tiny_chamber
D:5:      layout_loops_ring, minitemple, gammafunk_ghost_arena,
          portal_sewer_entry_e, lexackson_kobold_supper, uniq_duvessa
D:6:      layout_rooms, lemuel_tele_altar, uniq_sigmund, uniq_blork_the_orc
D:7:      layout_basic, mainiacjoe_overflow_concentric_impassable,
          minmay_temple_entry_arrows
D:8:      layout_basic, lair_entry_dummy, ebering_ghost_rock_garden,
          minmay_statues_item
Temple:   hc_temple_tempest_star
Lair:1:   layout_regular_city, dreamdust_deal_with_the_devil
Lair:2:   layout_cave_pods, minmay_shoals_entry_centaurs,
          minmay_snake_entry_guardpost_medium, roderic_carrion_pond,
          infiniplex_staircase_pool, grunt_megastairs_4
Lair:3:   layout_hall_layers, serial_bayou_shore_a, grunt_megastairs_5,
          uniq_nergalle
Lair:4:   regret_index_bee_streams, layout_layer_cave, slime_entry_1,
          lemuel_fruit_fields, uniq_kirke

Skill      XL: |  1  2  3  4  5  6  7  8  9 10 11 12 |
---------------+-------------------------------------+-----
Hexes          | 1 2 4 |  4.0
Spellcasting   | 3 4 5 6 7 10 | 10.0
Summonings     | 5 6 8 9 10 | 10.0
Air Magic      | 1 3 4 6 7 |  7.0
Fighting       | 1 |  1.1
Dodging        | 2 |  2.2
Conjurations   | 1 7 9 |  9.2
Transmutations | 1 |  1.4
Fire Magic     | 1 6 8 |  8.4
Stealth        | |  1.7

Action                   |  1- 3 |  4- 6 |  7- 9 | 10-12 || total
-------------------------+-------+-------+-------+-------++-------
Melee: Unarmed           |    59 |    39 |     6 |       ||   104
       Headbutt          |       |     3 |    10 |    16 ||    29
       Punch             |       |     1 |       |     3 ||     4
       Dagger            |       |       |    42 |    71 ||   113
 Cast: Summon Small Mamm |    45 |    15 |       |       ||    60
       Call Canine Famil |     6 |    20 |    23 |    26 ||    75
       Summon Guardian G |       |     7 |    20 |    27 ||    54
       Summon Lightning  |       |     1 |    13 |    43 ||    57
       Scorch            |       |       |       |    23 ||    23
       Fireball          |       |       |       |    29 ||    29
       Blink             |       |       |       |     1 ||     1
  Use: Potion            |       |     1 |       |     3 ||     4
       Scroll            |       |    10 |     9 |     6 ||    25
 Stab: Sleeping          |     1 |     1 |     1 |       ||     3
       Distracted        |       |       |     1 |     8 ||     9
Armor: Robe              |    20 |     6 |       |       ||    26
       Leather armour    |       |     5 |    35 |    51 ||    91
Dodge: Dodged            |    91 |    44 |    51 |   104 ||   290

Table legend: (Time is in decaauts)
 A = Elapsed time spent in this place.
 B = Non-inter-level travel time spent in this place.
 C = Inter-level travel time spent in this place.
 D = Time resting spent in this place.
 E = Time spent auto-exploring this place.
 F = Levels seen in this place.
 G = Mean time per level.
                   A        B        C        D        E       F      G
               +--------+--------+--------+--------+--------+-----+--------+
         Total |  11411 |  11104 |    307 |    146 |   8174 |  13 |  877.8 |
       Dungeon |   7246 |   6986 |    260 |    100 |   5031 |   8 |  905.8 |
        Temple |    291 |    285 |      6 |      0 |    272 |   1 |  291.0 |
          Lair |   3873 |   3832 |     41 |     46 |   2870 |   4 |  968.2 |
               +--------+--------+--------+--------+--------+-----+--------+

Top non-repeatable levels by time:
     D:5: 1316 daAuts
  Lair:2: 1255 daAuts
  Lair:3: 1195 daAuts
     D:1: 1185 daAuts
     D:8: 1017 daAuts
  Lair:1: 938 daAuts
     D:3: 899 daAuts
     D:7: 821 daAuts
     D:2: 765 daAuts
     D:4: 645 daAuts
     D:6: 594 daAuts
  Lair:4: 483 daAuts
  Temple: 291 daAuts
